 Dungeon Crawl Stone Soup version 0.23.0 (webtiles) character file.

Game seed: 12673848154168754570

139 Gargoyl the Skirmisher (level 5, 0/46 HPs)
             Began as a Centaur Abyssal Knight on Feb 9, 2019.
             Was a Believer of Lugonu.
             Slain by a hobgoblin (4 damage)
             ... led by Robin
             ... on level 2 of the Dungeon.
             The game lasted 00:03:16 (1805 turns).

Gargoyl the Skirmisher (Centaur Abyssal Knight)     Turns: 1805, Time: 00:03:17

Health: 0/46       AC:  6    Str: 14    XL:     5   Next: 1%
Magic:  5/7        EV:  8    Int: 11    God:    Lugonu [**....]
Gold:   77         SH:  0    Dex: 10    Spells: 4/4 levels left

rFire    . . .     SeeInvis .   a - +1 hand axe
rCold    . . .     Gourm    .   (no shield)
rNeg     . . .     Faith    .   g - +0 ring mail
rPois    .         Spirit   .   (no helmet)
rElec    .         Reflect  .   (no cloak)
rCorr    .         Harm     .   (no gloves)
MR       +....                  (no barding)
Stlth    ..........             (no amulet)
HPRegen  0.15/turn              (no ring)
MPRegen  0.10/turn              e - ring of protection from magic

@: lethally poisoned (0 -> -14), very quick
A: large, hooves 3, deformed body, speed 2, tough skin 3
a: Depart the Abyss, Bend Space, Renounce Religion


You were on level 2 of the Dungeon.
You worshipped Lugonu.
Lugonu was pleased with you.
You were not hungry.

You visited 1 branch of the dungeon, and saw 2 of its levels.
You visited the Abyss 1 time.

You collected 77 gold pieces.

Inventory:

Hand Weapons
 a - a +1 hand axe (weapon)
Armour
 g - a +0 ring mail (worn)
Jewellery
 e - a ring of protection from magic (right hand)
Scrolls
 d - a scroll of identify {unknown}
 f - 4 scrolls of remove curse
Comestibles
 b - a chunk of flesh
 c - 3 rations


   Skills:
 + Level 3.9 Fighting
 + Level 2.7 Axes
 * Level 2.2 Armour
 * Level 1.4 Dodging
 * Level 2.6 Invocations


You had 4 spell levels left.
You didn't know any spells.
Your spell library was empty.

Dungeon Overview and Level Annotations

Branches:
Dungeon (2/15)

Altars:
Nemelex Xobeh


Innate Abilities, Weirdness & Mutations

You have hooves in place of feet.
Armour fits poorly on your strangely shaped body.
You cover ground very quickly.
You have extremely tough skin. (AC +3)


Message History

The hobgoblin hits you.
You closely miss the hobgoblin. Your kick misses the hobgoblin.
The hobgoblin is heavily wounded.
* * * LOW HITPOINT WARNING * * *
You feel sick. The hobgoblin closely misses you.
You closely miss the hobgoblin. You kick the hobgoblin.
You kill the hobgoblin!
Lugonu accepts your kill.
* * * LOW HITPOINT WARNING * * *
You feel sick.
You barely miss the hobgoblin.
* * * LOW HITPOINT WARNING * * *
You feel sick. The hobgoblin hits you.
* * * LOW HITPOINT WARNING * * *
Unknown command.
You hit the hobgoblin.
The hobgoblin is almost dead.
* * * LOW HITPOINT WARNING * * *
You feel sick. The hobgoblin hits you.
You die...

#### #### ..# #.. #.#
#.######.#
#.#####........# #
#####..))@g?(...#
#.#......####.......g.
#.#.###.## #.....###.#
#.......# ##.......
###.##### ##.##### #.#
#.# #.# #.# #.# #.#
##.## ##+## #.#
##...########...## #.#


You could see a hobgoblin.

Vanquished Creatures
  Jessica (D:2)
  Natasha (D:2)
  Robin (D:2)
  An adder (D:2)
  A white imp (Abyss:1)
  2 oozes (D:1)
  A leopard gecko (D:1)
  6 bats
  4 giant cockroaches
  9 goblins
  9 hobgoblins
  8 kobolds (D:1)
  A ball python (D:2)
  A frilled lizard (D:1)
  5 rats
51 creatures vanquished.

Notes
Turn   | Place    | Note
-------+----------+-------------------------------------------
     0 | Abyss:1  | Gargoyl the Centaur Abyssal Knight began the quest for the
                  | Orb.
     0 | Abyss:1  | Reached XP level 1. HP: 19/19 MP: 2/2
    32 | Abyss:1  | Noticed a tentacled starspawn
    90 | Abyss:1  | Noticed a ynoxinul
   138 | Abyss:1  | Noticed a small abomination
   149 | Abyss:1  | Noticed a large abomination
   174 | D:1      | Escaped the Abyss
   189 | D:1      | Reached XP level 2. HP: 12/26 MP: 1/3
   477 | D:1      | Reached * piety under Lugonu
   560 | D:1      | Reached XP level 3. HP: 32/33 MP: 4/4
   826 | D:1      | Found a sparkling altar of Nemelex Xobeh.
  1420 | D:2      | Noticed Jessica
  1437 | D:2      | Killed Jessica
  1437 | D:2      | Reached skill level 1 in Dodging
  1437 | D:2      | Reached XP level 4. HP: 31/40 MP: 5/5
  1627 | D:2      | Noticed Natasha
  1630 | D:2      | Found a faded altar of an unknown god.
  1638 | D:2      | Killed Natasha
  1748 | D:2      | Reached ** piety under Lugonu
  1767 | D:2      | Noticed Robin
  1799 | D:2      | Killed Robin
  1799 | D:2      | Reached XP level 5. HP: 29/46 MP: 5/7
  1805 | D:2      | Slain by a hobgoblin

Skill      XL: |  1  2  3  4 |
---------------+-------------+-----
Axes           | 2 |  2.7
Dodging        | 1 |  1.4
Armour         | 2 |  2.2
Fighting       | |  3.9
Invocations    | |  2.6

Action                   |  1- 3 |  4- 6 || total
-------------------------+-------+-------++-------
Melee: Hand axe          |    86 |    50 ||   136
       Kick              |    14 |    10 ||    24
Invok: Depart the Abyss  |     1 |       ||     1
  Use: Scroll            |     4 |       ||     4
       Potion            |       |     1 ||     1
  Eat: Chunk             |       |     2 ||     2
Armor: Leather armour    |    53 |       ||    53
       Ring mail         |       |    23 ||    23
Dodge: Dodged            |    64 |    20 ||    84
